 Dungeon Crawl Stone Soup version 0.27.1-1-g398f81649c (webtiles) character file.

Game seed: 13392408418244079490

161 chaosape the Slicer (level 5, -4/41 HPs)
             Began as a Gnoll Wanderer on Sept 7, 2021.
             Frozen to death by an endoplasm (5 damage)
             ... on level 4 of the Dungeon.
             The game lasted 00:14:15 (3122 turns).

chaosape the Slicer (Gnoll Wanderer)                Turns: 3122, Time: 00:14:20

Health: -4/41      AC: 11    Str: 12    XL:     5   Next: 42%
Magic:  7/7        EV: 10    Int:  9    God:
Gold:   121        SH:  0    Dex: 14    Spells: 6/6 levels left

rFire    . . .     SeeInvis +   j - +2 dagger (protect)
rCold    . . .     Faith    .   (no shield)
rNeg     . . .     Spirit   .   d - +4 scale mail
rPois    .         Reflect  .   g - +0 helmet
rElec    .         Harm     .   (no cloak)
rCorr    .         Rampage  .   (no gloves)
Will     .....                  (no boots)
Stlth    +.........             w - amulet of magic regeneration
HPRegen  0.13/turn              p - ring of see invisible
MPRegen  0.35/turn              (no ring)

@: studying Axes
A: fangs 1, strong nose, distributed training
a: no special abilities


You were on level 4 of the Dungeon.
You visited 1 branch of the dungeon, and saw 4 of its levels.

You collected 121 gold pieces.

Inventory:

Hand Weapons
 a - a +2 short sword
 j - a +2 dagger of protection (weapon)
 k - a +0 dagger
 l - a +0 hunting sling
 r - a +0 hunting sling
 t - a +2 dagger of holy wrath
 x - a +0 rapier
Missiles
 f - 54 arrows
 h - 12 poisoned darts (quivered)
 u - a throwing net
Armour
 c - a +0 robe
 d - a +4 scale mail (worn)
 g - a +0 helmet (worn)
Magical Staves
 n - a staff of fire
 y - a staff of earth
Jewellery
 p - a ring of see invisible (left hand)
 w - an amulet of magic regeneration (around neck)
Wands
 m - a wand of polymorph (7)
Scrolls
 s - a scroll of magic mapping
Potions
 i - 2 potions of brilliance {unknown}
 o - a potion of haste {unknown}
 z - a potion of heal wounds {unknown}


   Skills:
 + Level 3.0 Fighting
 + Level 8.6 Short Blades
 + Level 1.4 Long Blades
 + Level 1.4 Axes
 + Level 1.4 Maces & Flails
 + Level 1.4 Polearms
 + Level 1.4 Staves
 + Level 1.4 Slings
 + Level 1.4 Bows
 + Level 1.4 Crossbows
 + Level 3.0 Throwing
 + Level 1.4 Armour
 + Level 4.8 Dodging
 + Level 2.7 Stealth
 + Level 1.4 Shields
 + Level 1.4 Unarmed Combat
 + Level 1.4 Spellcasting
 + Level 1.1 Conjurations
 + Level 1.1 Hexes
 + Level 1.1 Summonings
 + Level 1.1 Necromancy
 + Level 1.1 Translocations
 + Level 1.1 Transmutations
 + Level 1.1 Fire Magic
 + Level 1.1 Ice Magic
 + Level 1.1 Air Magic
 + Level 1.1 Earth Magic
 + Level 1.1 Poison Magic
 + Level 1.6 Invocations
 + Level 3.0 Evocations


You had 6 spell levels left.
You didn't know any spells.
Your spell library contained the following spells:

 Spells                   Type           Power      Damage    Failure   Level
 Corpse Rot               Necr/Air       N/A        N/A       87%         2
 Animate Dead             Necr           1%         N/A       100%        4
 Dispel Undead            Necr           2%         3d7       100%        4
 Borgnjor's Vile Clutch   Necr/Erth      1%         N/A       100%        5
 Death Channel            Necr           1%         N/A       100%        6


Dungeon Overview and Level Annotations

Branches:
Dungeon (4/15)
 Temple: D:4-7

Altars:
Cheibriados


Innate Abilities, Weirdness & Mutations

You have very sharp teeth.
Your uncanny sense of smell can sniff out nearby items.
Your experience applies equally to all skills.


Message History

* * * LOW HITPOINT WARNING * * *
Unknown command.
You feel better.
You are engulfed in a cloud of scalding steam.
* * * LOW HITPOINT WARNING * * *
The white imp hits you but does no damage.
As you read the scroll labelled ITEQUR PIUFUCO, it crumbles to dust.
It is a scroll of enchant weapon.
Your +1 dagger of protection glows red for a moment.
The white imp completely misses you.
The steam dragon bites you but does no damage.
The steam dragon closely misses you.
As you read the scroll labelled WAMANA ZYPIK, it crumbles to dust.
It is a scroll of identify.
s - a scroll of magic mapping The killer bee completely misses you.
The white imp hits you.
* * * LOW HITPOINT WARNING * * *
The white imp freezes you.
* * * LOW HITPOINT WARNING * * *
The steam dragon breathes steam at you. The ball of steam misses you.
The killer bee stings you but does no damage.
The killer bee closely misses you.
You hear a shout!
Blink to where?
Press: ? - help, Dir - move target, p - steam dragon A crimson imp comes into view.
Found a scroll labelled SEOSKO SANT.
As you read the scroll labelled COKO GOXIYMU, it crumbles to dust.
It was a scroll of blinking.
The crimson imp shouts, "Despair, thou vain rump-fed slime mould!"
The crimson imp barely misses you.
A quokka and an endoplasm come into view.
Found a stone staircase leading up.
The endoplasm quivers.
The killer bee stings you.
* * * LOW HITPOINT WARNING * * *
The endoplasm freezes you.
You are frozen.
You die...

#.#.≈§≈!#........##
#.#..≈..#........#
##.##...##........#
#...#5y.#.........#
#...##y##..########
###....#D#...####
.$................
#.........y.......
....##.....@....##
B....r...#5#J......
....##..##.##..####
#.# ....#... ..#
.#..##...##?[. ##.
..≈.. .... #.§≈§.#
.### #.≈≈§.# .<
#?≈§≈.#


You could see a steam dragon (catching breath), 3 killer bees, a crimson imp, a
white imp, an endoplasm and a quokka.

Vanquished Creatures
  Robin (D:2)
  2 adders (D:3)
  2 gnolls
  3 worms
  3 dart slugs
  An orc (D:3)
  5 ball pythons
  6 bats
  8 endoplasms
  5 giant cockroaches
  17 goblins
  16 hobgoblins
  10 kobolds
  A quokka (D:3)
  2 frilled lizards
  3 rats
85 creatures vanquished.

Notes
Turn   | Place    | Note
-------+----------+-------------------------------------------
     0 | D:1      | chaosape the Gnoll Wanderer began the quest for the Orb.
     0 | D:1      | chaosape set off with the following items: a +2 short
                  | sword, 2 potions of curing, a +0 robe
     0 | D:1      | Reached XP level 1. HP: 17/17 MP: 1/1
    67 | D:1      | Reached XP level 2. HP: 23/23 MP: 2/2
   120 | D:1      | Reached XP level 3. HP: 23/28 MP: 3/3
   556 | D:1      | Reached skill level 1 in Invocations
  1102 | D:2      | Reached skill level 1 in Long Blades
  1102 | D:2      | Reached skill level 1 in Axes
  1102 | D:2      | Reached skill level 1 in Maces & Flails
  1102 | D:2      | Reached skill level 1 in Polearms
  1102 | D:2      | Reached skill level 1 in Staves
  1102 | D:2      | Reached skill level 1 in Slings
  1102 | D:2      | Reached skill level 1 in Bows
  1102 | D:2      | Reached skill level 1 in Crossbows
  1102 | D:2      | Reached skill level 1 in Armour
  1102 | D:2      | Reached skill level 1 in Shields
  1102 | D:2      | Reached skill level 1 in Unarmed Combat
  1102 | D:2      | Reached skill level 1 in Spellcasting
  1191 | D:2      | Noticed Robin
  1219 | D:2      | Reached XP level 4. HP: 32/34 MP: 5/5
  1240 | D:2      | Killed Robin
  1383 | D:2      | Reached skill level 1 in Conjurations
  1383 | D:2      | Reached skill level 1 in Hexes
  1383 | D:2      | Reached skill level 1 in Summonings
  1383 | D:2      | Reached skill level 1 in Necromancy
  1383 | D:2      | Reached skill level 1 in Translocations
  1383 | D:2      | Reached skill level 1 in Transmutations
  1383 | D:2      | Reached skill level 1 in Fire Magic
  1383 | D:2      | Reached skill level 1 in Ice Magic
  1383 | D:2      | Reached skill level 1 in Air Magic
  1383 | D:2      | Reached skill level 1 in Earth Magic
  1383 | D:2      | Reached skill level 1 in Poison Magic
  1886 | D:2      | You fall into a shaft and drop 1 floor!
  1929 | D:3      | Reached XP level 5. HP: 39/40 MP: 6/6
  1941 | D:3      | Found a snail-covered altar of Cheibriados.
  2869 | D:3      | Found a faded altar of an unknown god.
  3106 | D:4      | Noticed a steam dragon
  3106 | D:4      | a killer bee changed into a steam dragon
  3120 | D:4      | HP: 2/41 [white imp (5)]
  3122 | D:4      | Frozen to death by an endoplasm

Illustrated notes

Levels and vault maps discovered:
D:1:      dpeg_arrival_tiny_d, layout_basic
D:2:      minmay_chambers_of_ones, layout_basic, minmay_domino_2, uniq_robin
D:3:      minmay_diamond_boxcup, layout_basic,
          mainiacjoe_overflow_concentric_impassable,
          shapermc_ecumenical_altar_ellora
D:4:      layout_basic, mainiacjoe_overflow_brackets, nicolae_vehumet_radiance,
          lightli_sewer_entry_pipes, minmay_liquid_box, minmay_fire_ice_demons

Skill      XL: |  1  2  3  4  5 |
---------------+----------------+-----
Invocations    | 1 |  1.6
Long Blades    | 1 |  1.4
Axes           | 1 |  1.4
Maces & Flails | 1 |  1.4
Polearms       | 1 |  1.4
Staves         | 1 |  1.4
Slings         | 1 |  1.4
Bows           | 1 |  1.4
Crossbows      | 1 |  1.4
Armour         | 1 |  1.4
Shields        | 1 |  1.4
Unarmed Combat | 1 |  1.4
Spellcasting   | 1 |  1.4
Conjurations   | 1 |  1.1
Hexes          | 1 |  1.1
Summonings     | 1 |  1.1
Necromancy     | 1 |  1.1
Translocations | 1 |  1.1
Transmutations | 1 |  1.1
Fire Magic     | 1 |  1.1
Ice Magic      | 1 |  1.1
Air Magic      | 1 |  1.1
Earth Magic    | 1 |  1.1
Poison Magic   | 1 |  1.1
Fighting       | 3 |  3.0
Throwing       | 3 |  3.0
Evocations     | 3 |  3.0
Short Blades   | |  8.6
Dodging        | |  4.8
Stealth        | |  2.7

Action                   |  1- 3 |  4- 6 || total
-------------------------+-------+-------++-------
Melee: Short sword       |   106 |     9 ||   115
       Bite              |     7 |    19 ||    26
       Dagger            |       |   230 ||   230
       Unarmed           |       |     5 ||     5
Evoke: Wand              |       |     2 ||     2
  Use: Scroll            |       |     3 ||     3
       Potion            |       |     3 ||     3
Armor: Scale mail        |    55 |    85 ||   140
       Skin              |       |     1 ||     1
Dodge: Dodged            |    65 |    90 ||   155
